New York Rangers vs Toronto Maple Leafs
(R2)
Created - Thursday, February 1, 2024 at 08:14
Goals
|
| New York Rangers |
1 |
0 |
0 |
1 |
| Toronto Maple Leafs |
1 |
0 |
2 |
3 |
|
Shots
|
| New York Rangers |
12 |
12 |
3 |
27 |
| Toronto Maple Leafs |
13 |
8 |
8 |
29 |
|
1st period
1. Toronto Maple Leafs , Nino Niederreiter 1 (Nicolas Roy 1) at 9:20
2. New York Rangers , Cole Caufield 1 (Pierre-Luc Dubois 1, Dmitry Kulikov 1) at 9:57
Penalties :
Sam Bennett (TOR) for Slashing (Minor) at 14:12, Nino Niederreiter (TOR) for Hooking (Minor) at 17:00
2nd period
No Goal
Penalties :
Sam Bennett (TOR) for Elbowing (Minor) at 10:24, Brady Tkachuk (TOR) for Tripping (Minor) at 15:28, Scott Laughton (TOR) for High sticking (Double Minor) at 19:22
3rd period
3. Toronto Maple Leafs , Trevor Zegras 1 (Brandon Saad 1, Mario Ferraro 1) at 7:29
4. Toronto Maple Leafs , Andrew Mangiapane 1 (Nino Niederreiter 1, Nicolas Roy 2) at 8:32
Penalties :
No Penalty
Goalie Stats
Igor Shesterkin (NYR), 26 saves from 29 shots - (0.897), L, 0-1-0, 60:00 minutes
Cam Talbot (TOR), 26 saves from 27 shots - (0.963), W, 1-0-0, 60:00 minutes
Players Stats for New York Rangers
Player Name G A P +/- PIM S H SB GA TA FO MP PP MP PK MP
------------------------------------------------------------------------------------
Adam Larsson 0 0 0 0 0 1 3 1 1 0 0/0 23:50 6:35 0:00
Artemi Panarin 0 0 0 0 0 1 2 0 1 0 1/1 19:19 6:00 0:00
Cam Fowler 0 0 0 0 0 0 0 0 0 1 0/0 17:00 0:00 0:00
Cole Caufield 1 0 1 0 0 4 1 1 0 0 0/1 18:04 5:27 0:00
Conor Garland 0 0 0 -1 0 3 0 0 0 0 1/3 12:04 0:28 0:00
David Kampf 0 0 0 -1 0 0 0 0 0 0 3/7 11:01 0:13 0:00
Dmitry Kulikov 0 1 1 -1 0 2 2 0 0 1 0/0 14:53 0:00 0:00
Eric Robinson 0 0 0 -1 0 1 1 0 0 0 0/0 10:13 0:00 0:00
Filip Chytil 0 0 0 -1 0 4 2 0 0 1 3/7 16:26 4:25 0:00
Gabriel Landeskog 0 0 0 -1 0 1 1 0 0 0 1/1 17:10 5:02 0:00
Jake McCabe 0 0 0 -1 0 0 2 3 0 0 0/0 15:21 0:00 0:00
Mark Giordano 0 0 0 -1 0 2 0 0 0 1 0/0 19:54 4:25 0:00
Mathew Barzal 0 0 0 0 0 0 0 0 0 0 0/0 21:06 7:30 0:00
Matthew Benning 0 0 0 -1 0 0 1 1 0 2 0/0 16:16 0:55 0:00
Mikael Granlund 0 0 0 0 0 3 3 0 0 0 1/3 17:38 5:27 0:00
Nathan MacKinnon 0 0 0 0 0 2 4 0 0 0 8/15 19:19 6:00 0:00
Pierre-Luc Dubois 0 1 1 0 0 3 2 0 1 0 9/15 18:42 6:15 0:00
Tyler Motte 0 0 0 -1 0 0 1 0 1 1 0/0 11:44 0:53 0:00
Players Stats for Toronto Maple Leafs
Player Name G A P +/- PIM S H SB GA TA FO MP PP MP PK MP
------------------------------------------------------------------------------------
Aaron Ekblad 0 0 0 1 0 2 1 3 0 1 0/0 25:14 0:00 6:00
Andrew Mangiapane 1 0 1 2 0 1 0 0 0 0 1/2 11:57 0:00 0:00
Brady Tkachuk 0 0 0 0 2 6 3 1 0 0 4/5 17:02 0:00 4:26
Brandon Saad 0 1 1 1 0 2 1 1 1 0 0/1 16:25 0:00 1:55
Cody Ceci 0 0 0 1 0 0 1 0 0 0 0/0 25:01 0:00 5:40
Dougie Hamilton 0 0 0 0 0 4 2 2 0 0 0/0 20:39 0:00 5:55
Kyle Okposo 0 0 0 -1 0 0 1 0 3 0 0/0 9:01 0:00 0:00
Luke Schenn 0 0 0 1 0 0 0 0 0 0 0/0 14:20 0:00 0:20
Mario Ferraro 0 1 1 1 0 1 2 2 0 2 0/0 14:15 0:00 0:00
Nick Bjugstad 0 0 0 -1 0 0 3 0 0 0 3/5 9:18 0:00 0:00
Nicolas Roy 0 2 2 2 0 0 1 2 0 0 6/12 11:57 0:00 0:00
Nino Niederreiter 1 1 2 2 2 3 1 1 0 0 1/3 16:53 0:00 4:08
Ryan Pulock 0 0 0 0 0 0 4 2 0 0 0/0 20:31 0:00 5:55
Sam Bennett 0 0 0 0 4 1 3 0 0 1 3/9 16:16 0:00 2:43
Scott Laughton 0 0 0 1 4 3 1 0 0 0 8/16 16:26 0:00 3:12
Trevor Zegras 1 0 1 1 0 2 0 0 2 0 0/0 19:38 0:00 6:03
Troy Terry 0 0 0 0 0 1 1 0 0 0 0/0 14:06 0:00 1:23
Warren Foegele 0 0 0 -1 0 3 0 0 1 0 0/0 9:01 0:00 0:00
3 Stars
1 - Nino Niederreiter (TOR)
2 - Nicolas Roy (TOR)
3 - Cam Talbot (TOR)
Power Play
New York Rangers - 0 on 6 Attempt(s) - 0.00%
Toronto Maple Leafs - 0 on 0 Attempt(s) - 0.00%
Penalty Kill
New York Rangers - 0 on 0 Attempt(s) - 0.00%
- Score 0 goal in Penalty Kill
Toronto Maple Leafs - 6 on 6 Attempt(s) - 100.00%
- Score 0 goal in Penalty Kill
Team Stat
New York Rangers - Hits : 25 - Faceoff Wins : 27 - Blocked Shots : 6 - Penalty Minutes : 0
Toronto Maple Leafs - Hits : 25 - Faceoff Wins : 26 - Blocked Shots : 14 - Penalty Minutes : 12
Official
Referees : Kevin Pollock and TJ Luxmore
Linesman : Mark Shewchyk and Trent Knorr
Game Notes
No Game Note
Finance
Level 1 -- Attendance: 6000 (100.00%) -- Ticket Income $564,000
Level 2 -- Attendance: 4846 (96.92%) -- Ticket Income $261,684
Level 3 -- Attendance: 2937 (97.90%) -- Ticket Income $96,921
Level 4 -- Attendance: 4924 (98.48%) -- Ticket Income $103,404
Luxury Box -- Attendance: 874 (87.40%) -- Ticket Income $168,682
Game was played at the Air Canada Centre.
Total Attendance: 19581 (97.91%)
Total Ticket Income: $1,194,691
Other Income: $418,142
Total Income: $1,612,833
New York Rangers
5 vs 5 Forward
Center Left Wing Right Wing Time % Phy DF OF
1 Nathan MacKinnon Artemi Panarin Mathew Barzal 35 0 1 4
2 Pierre-Luc Dubois Cole Caufield Mikael Granlund 30 1 1 3
3 Filip Chytil Conor Garland Gabriel Landeskog 23 1 2 2
4 David Kampf Eric Robinson Tyler Motte 12 1 3 1
5 vs 5 Defense
Defense Defense Time % Phy DF OF
1 Cam Fowler Adam Larsson 35 1 2 2
2 Dmitry Kulikov Mark Giordano 33 1 2 2
3 Matthew Benning Jake McCabe 32 1 2 2
4 Cam Fowler Adam Larsson 0 1 2 2
PowerPlay Forward
Center Left Wing Right Wing Time % Phy DF OF
1 Pierre-Luc Dubois Nathan MacKinnon Artemi Panarin 50 0 1 4
2 Mikael Granlund Gabriel Landeskog Cole Caufield 50 0 1 4
PowerPlay Defense
Defense Defense Time % Phy DF OF
1 Mathew Barzal Adam Larsson 60 1 1 3
2 Filip Chytil Mark Giordano 40 1 1 3
Penalty Kill 4 Players Forward
Center Wing Time % Phy DF OF
1 David Kampf Tyler Motte 50 1 3 1
2 Mikael Granlund Eric Robinson 50 1 3 1
Penalty Kill 4 Players Defense
Defense Defense Time % Phy DF OF
1 Matthew Benning Dmitry Kulikov 50 1 3 1
2 Adam Larsson Mark Giordano 50 1 3 1
Penalty Kill - 3 Players Forward
Forward Time % Phy DF OF
1 Mikael Granlund 50 1 2 2
2 David Kampf 50 1 2 2
Penalty Kill - 3 Players Defense
Defense Defense Time % Phy DF OF
1 Matthew Benning Dmitry Kulikov 50 1 3 1
2 Adam Larsson Mark Giordano 50 1 3 1
4 vs 4 Forward
Center Wing Time % Phy DF OF
1 Nathan MacKinnon Artemi Panarin 50 0 2 3
2 Pierre-Luc Dubois Cole Caufield 50 0 2 3
4 vs 4 Defense
Defense Defense Time % Phy DF OF
1 Cam Fowler Adam Larsson 50 1 2 2
2 Dmitry Kulikov Mark Giordano 50 1 2 2
Last Minutes Offensive
Center Left Wing Right Wing Defense Defense
Nathan MacKinnon Artemi Panarin Pierre-Luc Dubois Cam Fowler Adam Larsson
Last Minutes Defensive
Center Left Wing Right Wing Defense Defense
David Kampf Tyler Motte Mikael Granlund Dmitry Kulikov Adam Larsson
Goaltenders
Starting : Igor Shesterkin
Backup : Tristan Jarry
Extra Forwards
Normal : Nathan MacKinnon, Pierre-Luc Dubois, Gabriel Landeskog - PP : Gabriel Landeskog, Cole Caufield - PK : David Kampf
Extra Defensemen
Normal : Matthew Benning, Jake McCabe, Dmitry Kulikov - PP : Matthew Benning - PK : Jake McCabe, Dmitry Kulikov
Penalty Shots
Artemi Panarin, Cole Caufield, Pierre-Luc Dubois, Mark Giordano, Nathan MacKinnon
Toronto Maple Leafs
5 vs 5 Forward
Center Left Wing Right Wing Time % Phy DF OF
1 Sam Bennett Brady Tkachuk Troy Terry 30 1 2 2
2 Scott Laughton Trevor Zegras Brandon Saad 30 1 2 2
3 Nicolas Roy Andrew Mangiapane Nino Niederreiter 25 1 2 2
4 Nick Bjugstad Warren Foegele Kyle Okposo 15 1 2 2
5 vs 5 Defense
Defense Defense Time % Phy DF OF
1 Aaron Ekblad Cody Ceci 30 1 2 2
2 Dougie Hamilton Ryan Pulock 30 1 2 2
3 Mario Ferraro Luke Schenn 25 1 2 2
4 Aaron Ekblad Cody Ceci 15 1 2 2
PowerPlay Forward
Center Left Wing Right Wing Time % Phy DF OF
1 Sam Bennett Brady Tkachuk Troy Terry 50 1 2 2
2 Scott Laughton Trevor Zegras Brandon Saad 50 1 2 2
PowerPlay Defense
Defense Defense Time % Phy DF OF
1 Aaron Ekblad Cody Ceci 50 1 2 2
2 Dougie Hamilton Ryan Pulock 50 1 2 2
Penalty Kill 4 Players Forward
Center Wing Time % Phy DF OF
1 Brady Tkachuk Sam Bennett 50 1 2 2
2 Scott Laughton Trevor Zegras 50 1 2 2
Penalty Kill 4 Players Defense
Defense Defense Time % Phy DF OF
1 Aaron Ekblad Cody Ceci 50 1 2 2
2 Dougie Hamilton Ryan Pulock 50 1 2 2
Penalty Kill - 3 Players Forward
Forward Time % Phy DF OF
1 Brady Tkachuk 50 1 2 2
2 Sam Bennett 50 1 2 2
Penalty Kill - 3 Players Defense
Defense Defense Time % Phy DF OF
1 Aaron Ekblad Cody Ceci 50 1 2 2
2 Dougie Hamilton Ryan Pulock 50 1 2 2
4 vs 4 Forward
Center Wing Time % Phy DF OF
1 Brady Tkachuk Sam Bennett 50 1 2 2
2 Scott Laughton Trevor Zegras 50 1 2 2
4 vs 4 Defense
Defense Defense Time % Phy DF OF
1 Aaron Ekblad Cody Ceci 50 1 2 2
2 Dougie Hamilton Ryan Pulock 50 1 2 2
Last Minutes Offensive
Center Left Wing Right Wing Defense Defense
Sam Bennett Brady Tkachuk Troy Terry Aaron Ekblad Cody Ceci
Last Minutes Defensive
Center Left Wing Right Wing Defense Defense
Sam Bennett Brady Tkachuk Troy Terry Aaron Ekblad Cody Ceci
Goaltenders
Starting : Cam Talbot
Backup : Frederik Andersen
Extra Forwards
Normal : Andrew Mangiapane, Nicolas Roy, Nino Niederreiter - PP : Andrew Mangiapane, Nicolas Roy - PK : Nino Niederreiter
Extra Defensemen
Normal : Mario Ferraro, Luke Schenn, Dougie Hamilton - PP : Mario Ferraro - PK : Luke Schenn, Dougie Hamilton
Penalty Shots
Brady Tkachuk, Sam Bennett, Scott Laughton, Trevor Zegras, Troy Terry
% Time on Ice - New York Rangers
Lines # - Real PCT - Wanted PCT - Time Play
Normal Forward
1 - 29% - 35% - 13:57
2 - 26% - 30% - 12:30
3 - 24% - 23% - 11:25
4 - 21% - 12% - 10:13
Normal Defense
1 - 35% - 35% - 16:57
2 - 32% - 33% - 15:29
3 - 32% - 32% - 15:21
4 - 1% - 0% - 0:18
PP Forward
1 - 54% - 50% - 6:25
2 - 46% - 50% - 5:30
PP Defense
1 - 63% - 60% - 7:30
2 - 37% - 40% - 4:25
PK Forward
1 - 0% - 50%
2 - 0% - 50%
PK Defense
1 - 0% - 50%
2 - 0% - 50%
PK3 Forward
1 - 0% - 50%
2 - 0% - 50%
PK3 Defense
1 - 0% - 50%
2 - 0% - 50%
44 Forward
1 - 0% - 50%
2 - 0% - 50%
44 Defense
1 - 0% - 50%
2 - 0% - 50%
Last Minute Offensive - 0:00
Last Minute Defensive - 0:00
Total
Forward - 60:00
Defense - 60:00
|
% Time on Ice - Toronto Maple Leafs
Lines # - Real PCT - Wanted PCT - Time Play
Normal Forward
1 - 29% - 30% - 13:52
2 - 28% - 30% - 13:15
3 - 25% - 25% - 11:57
4 - 19% - 15% - 9:01
Normal Defense
1 - 30% - 30% - 14:14
2 - 30% - 30% - 14:36
3 - 28% - 25% - 13:40
4 - 12% - 15% - 5:35
PP Forward
1 - 0% - 50%
2 - 0% - 50%
PP Defense
1 - 0% - 50%
2 - 0% - 50%
PK Forward
1 - 50% - 50% - 5:55
2 - 50% - 50% - 6:00
PK Defense
1 - 50% - 50% - 6:00
2 - 50% - 50% - 5:55
PK3 Forward
1 - 0% - 50%
2 - 0% - 50%
PK3 Defense
1 - 0% - 50%
2 - 0% - 50%
44 Forward
1 - 0% - 50%
2 - 0% - 50%
44 Defense
1 - 0% - 50%
2 - 0% - 50%
Last Minute Offensive - 0:00
Last Minute Defensive - 0:00
Total
Forward - 60:00
Defense - 60:00
|
Play-by-Play
1st period
0:01 of 1st period - Nathan MacKinnon wins face-off versus Sam Bennett in neutral zone.
0:27 of 1st period - Mikael Granlund is hit by Aaron Ekblad and loses puck.
0:48 of 1st period - Snap shot by Conor Garland.
0:48 of 1st period - Stopped by Cam Talbot with a rebound.
0:50 of 1st period - Snap shot by Mark Giordano.
0:50 of 1st period - Stopped by Cam Talbot without a rebound.
0:51 of 1st period - Conor Garland wins face-off versus Nicolas Roy in Toronto Maple Leafs zone.
1:16 of 1st period - Kyle Okposo is hit by Matthew Benning and loses puck.
2:01 of 1st period - Off-side.
2:02 of 1st period - Pierre-Luc Dubois wins face-off versus Sam Bennett in neutral zone.
2:25 of 1st period - Snap shot by Cole Caufield.
2:25 of 1st period - Shot Misses the Net.
2:29 of 1st period - Snap shot by Pierre-Luc Dubois.
2:29 of 1st period - Deflect By Cole Caufield.
2:29 of 1st period - Stopped by Cam Talbot with a rebound.
2:31 of 1st period - Snap shot by Dmitry Kulikov.
2:31 of 1st period - Shot Misses the Net.
2:33 of 1st period - Slapshot by Pierre-Luc Dubois.
2:33 of 1st period - Shot Blocked by Aaron Ekblad.
2:35 of 1st period - Slapshot by Dmitry Kulikov.
2:35 of 1st period - Stopped by Cam Talbot with a rebound.
2:53 of 1st period - Wrist shot by Pierre-Luc Dubois.
2:53 of 1st period - Shot Misses the Net.
2:55 of 1st period - Snap shot by Cam Fowler.
2:55 of 1st period - Shot Blocked by Aaron Ekblad.
2:57 of 1st period - Wrist shot by Pierre-Luc Dubois.
2:57 of 1st period - Stopped by Cam Talbot with a rebound.
2:59 of 1st period - Wrist shot by Mikael Granlund.
2:59 of 1st period - Stopped by Cam Talbot with a rebound.
3:13 of 1st period - Snap shot by Cole Caufield.
3:13 of 1st period - Shot Misses the Net.
3:19 of 1st period - Snap shot by Cole Caufield.
3:19 of 1st period - Stopped by Cam Talbot without a rebound.
3:20 of 1st period - Nicolas Roy wins face-off versus Nathan MacKinnon in Toronto Maple Leafs zone.
4:31 of 1st period - Andrew Mangiapane is hit by Adam Larsson.
5:56 of 1st period - Wrist shot by Conor Garland.
5:56 of 1st period - Stopped by Cam Talbot with a rebound.
6:06 of 1st period - Wrist shot by Nicolas Roy.
6:06 of 1st period - Deflect By Trevor Zegras.
6:06 of 1st period - Shot Blocked by Adam Larsson.
6:06 of 1st period - Puck is out of play.
6:07 of 1st period - Scott Laughton wins face-off versus Cole Caufield in New York Rangers zone.
6:22 of 1st period - Snap shot by Scott Laughton.
6:22 of 1st period - Deflect By Brandon Saad.
6:22 of 1st period - Stopped by Igor Shesterkin without a rebound.
6:23 of 1st period - Nathan MacKinnon wins face-off versus Nicolas Roy in New York Rangers zone.
7:04 of 1st period - Mark Giordano is hit by Dougie Hamilton and loses puck.
7:09 of 1st period - Slapshot by Nino Niederreiter.
7:09 of 1st period - Stopped by Igor Shesterkin with a rebound.
7:11 of 1st period - Slapshot by Dougie Hamilton.
7:11 of 1st period - Stopped by Igor Shesterkin without a rebound.
7:12 of 1st period - Nathan MacKinnon wins face-off versus Scott Laughton in New York Rangers zone.
7:21 of 1st period - Snap shot by Artemi Panarin.
7:21 of 1st period - Stopped by Cam Talbot without a rebound.
7:22 of 1st period - Scott Laughton wins face-off versus Nathan MacKinnon in Toronto Maple Leafs zone.
8:05 of 1st period - Backhand shot by Nathan MacKinnon.
8:05 of 1st period - Stopped by Cam Talbot with a rebound.
8:35 of 1st period - Snap shot by Scott Laughton.
8:35 of 1st period - Stopped by Igor Shesterkin without a rebound.
8:36 of 1st period - Sam Bennett wins face-off versus Conor Garland in New York Rangers zone.
8:41 of 1st period - Wrist shot by Brady Tkachuk.
8:41 of 1st period - Deflect By Gabriel Landeskog.
8:41 of 1st period - Shot Misses the Net.
8:41 of 1st period - Puck is out of play.
8:42 of 1st period - Sam Bennett wins face-off versus Filip Chytil in New York Rangers zone.
8:53 of 1st period - Slapshot by Brady Tkachuk.
8:53 of 1st period - Stopped by Igor Shesterkin with a rebound.
9:18 of 1st period - Slapshot by Warren Foegele.
9:18 of 1st period - Deflect By Nick Bjugstad.
9:18 of 1st period - Shot Misses the Net.
9:18 of 1st period - Puck is out of play.
9:19 of 1st period - Nicolas Roy wins face-off versus David Kampf in New York Rangers zone.
9:20 of 1st period - Snap shot by Nino Niederreiter.
9:20 of 1st period - Goal by Nino Niederreiter - New York Rangers : 0 - Toronto Maple Leafs : 1.
9:21 of 1st period - Filip Chytil wins face-off versus Brady Tkachuk in neutral zone.
9:57 of 1st period - Snap shot by Cole Caufield.
9:57 of 1st period - Goal by Cole Caufield - New York Rangers : 1 - Toronto Maple Leafs : 1.
9:58 of 1st period - Nicolas Roy wins face-off versus David Kampf in neutral zone.
10:23 of 1st period - Dmitry Kulikov is hit by Brady Tkachuk.
11:06 of 1st period - Cole Caufield is hit by Nick Bjugstad.
11:10 of 1st period - Kyle Okposo is hit by Cole Caufield.
11:22 of 1st period - Warren Foegele is hit by Eric Robinson and loses puck.
11:45 of 1st period - Snap shot by Kyle Okposo.
11:45 of 1st period - Shot Blocked by Jake McCabe.
11:47 of 1st period - Slapshot by Aaron Ekblad.
11:47 of 1st period - Stopped by Igor Shesterkin without a rebound.
11:48 of 1st period - Brady Tkachuk wins face-off versus Pierre-Luc Dubois in New York Rangers zone.
11:51 of 1st period - Slapshot by Troy Terry.
11:51 of 1st period - Shot Blocked by Cole Caufield.
11:53 of 1st period - Wrist shot by Troy Terry.
11:53 of 1st period - Shot Misses the Net.
11:55 of 1st period - Slapshot by Dougie Hamilton.
11:55 of 1st period - Stopped by Igor Shesterkin without a rebound.
11:56 of 1st period - Brady Tkachuk wins face-off versus Pierre-Luc Dubois in New York Rangers zone.
12:03 of 1st period - Snap shot by Brady Tkachuk.
12:03 of 1st period - Stopped by Igor Shesterkin without a rebound.
12:04 of 1st period - Andrew Mangiapane wins face-off versus Nathan MacKinnon in New York Rangers zone.
12:19 of 1st period - Slapshot by Andrew Mangiapane.
12:19 of 1st period - Shot Misses the Net.
13:12 of 1st period - Nick Bjugstad is hit by Nathan MacKinnon and loses puck.
13:38 of 1st period - Tyler Motte is hit by Mario Ferraro and loses puck.
13:53 of 1st period - Troy Terry is hit by Filip Chytil and loses puck.
14:02 of 1st period - Snap shot by Gabriel Landeskog.
14:02 of 1st period - Shot Blocked by Dougie Hamilton.
14:06 of 1st period - Wrist shot by Filip Chytil.
14:06 of 1st period - Shot Blocked by Brady Tkachuk.
14:12 of 1st period - Minor Penalty to Sam Bennett for Slashing.
14:13 of 1st period - Brady Tkachuk wins face-off versus Pierre-Luc Dubois in Toronto Maple Leafs zone.
14:44 of 1st period - Slapshot by Trevor Zegras.
14:44 of 1st period - Stopped by Igor Shesterkin without a rebound.
14:45 of 1st period - Scott Laughton wins face-off versus Mikael Granlund in New York Rangers zone.
16:12 of 1st period - Penalty to Sam Bennett is over, Sam Bennett is back on ice.
16:44 of 1st period - Icing by Brandon Saad.
16:45 of 1st period - David Kampf wins face-off versus Sam Bennett in Toronto Maple Leafs zone.
17:00 of 1st period - Minor Penalty to Nino Niederreiter for Hooking.
17:01 of 1st period - Pierre-Luc Dubois wins face-off versus Scott Laughton in Toronto Maple Leafs zone.
17:06 of 1st period - Slapshot by Artemi Panarin.
17:06 of 1st period - Deflect By Pierre-Luc Dubois.
17:06 of 1st period - Stopped by Cam Talbot without a rebound.
17:07 of 1st period - Scott Laughton wins face-off versus Pierre-Luc Dubois in Toronto Maple Leafs zone.
17:22 of 1st period - Snap shot by Brady Tkachuk.
17:22 of 1st period - Stopped by Igor Shesterkin without a rebound.
17:23 of 1st period - Scott Laughton wins face-off versus Mikael Granlund in New York Rangers zone.
19:00 of 1st period - Penalty to Nino Niederreiter is over, Nino Niederreiter is back on ice.
19:10 of 1st period - Off-side.
19:11 of 1st period - David Kampf wins face-off versus Nicolas Roy in neutral zone.
19:22 of 1st period - Snap shot by Andrew Mangiapane.
19:22 of 1st period - Shot Blocked by Jake McCabe.
19:24 of 1st period - Wrist shot by Nino Niederreiter.
19:24 of 1st period - Stopped by Igor Shesterkin without a rebound.
19:25 of 1st period - Pierre-Luc Dubois wins face-off versus Scott Laughton in New York Rangers zone.
19:27 of 1st period - Cole Caufield is hit by Scott Laughton and loses puck.
19:36 of 1st period - Slapshot by Brandon Saad.
19:36 of 1st period - Stopped by Igor Shesterkin without a rebound.
19:37 of 1st period - Scott Laughton wins face-off versus Nathan MacKinnon in New York Rangers zone.
Goals for this period are 1 for New York Rangers vs 1 for Toronto Maple Leafs.
Shots for this period are 12 for New York Rangers vs 13 for Toronto Maple Leafs.
2nd period
0:01 of 2nd period - Artemi Panarin wins face-off versus Brandon Saad in neutral zone.
0:54 of 2nd period - Sam Bennett is hit by Dmitry Kulikov and loses puck.
1:13 of 2nd period - Icing by David Kampf.
1:14 of 2nd period - David Kampf wins face-off versus Nick Bjugstad in New York Rangers zone.
1:44 of 2nd period - Wrist shot by Tyler Motte.
1:44 of 2nd period - Shot Misses the Net.
2:18 of 2nd period - Slapshot by Adam Larsson.
2:18 of 2nd period - Shot Blocked by Mario Ferraro.
2:20 of 2nd period - Slapshot by Tyler Motte.
2:20 of 2nd period - Shot Misses the Net.
2:43 of 2nd period - Snap shot by Scott Laughton.
2:43 of 2nd period - Shot Misses the Net.
4:07 of 2nd period - Snap shot by Cam Fowler.
4:07 of 2nd period - Shot Blocked by Mario Ferraro.
4:39 of 2nd period - Wrist shot by Trevor Zegras.
4:39 of 2nd period - Deflect By Scott Laughton.
4:39 of 2nd period - Shot Misses the Net.
4:39 of 2nd period - Puck is out of play.
4:40 of 2nd period - Nathan MacKinnon wins face-off versus Nicolas Roy in New York Rangers zone.
5:07 of 2nd period - Aaron Ekblad is hit by Pierre-Luc Dubois and loses puck.
5:39 of 2nd period - Slapshot by Warren Foegele.
5:39 of 2nd period - Stopped by Igor Shesterkin with a rebound.
5:46 of 2nd period - Icing by Filip Chytil.
5:47 of 2nd period - Nathan MacKinnon wins face-off versus Nicolas Roy in New York Rangers zone.
6:16 of 2nd period - Snap shot by Nick Bjugstad.
6:16 of 2nd period - Shot Blocked by Jake McCabe.
6:24 of 2nd period - Slapshot by Mikael Granlund.
6:24 of 2nd period - Stopped by Cam Talbot without a rebound.
6:25 of 2nd period - Sam Bennett wins face-off versus Nathan MacKinnon in Toronto Maple Leafs zone.
6:25 of 2nd period - Sam Bennett is hit by Artemi Panarin.
6:37 of 2nd period - Wrist shot by Troy Terry.
6:37 of 2nd period - Stopped by Igor Shesterkin without a rebound.
6:38 of 2nd period - Nathan MacKinnon wins face-off versus Nicolas Roy in New York Rangers zone.
6:51 of 2nd period - Mathew Barzal is hit by Nicolas Roy and loses puck.
7:04 of 2nd period - Pierre-Luc Dubois is hit by Ryan Pulock and loses puck.
8:03 of 2nd period - Sam Bennett is hit by Pierre-Luc Dubois and loses puck.
8:21 of 2nd period - Off-side.
8:22 of 2nd period - Nick Bjugstad wins face-off versus Filip Chytil in neutral zone.
8:33 of 2nd period - Snap shot by Conor Garland.
8:33 of 2nd period - Deflect By Filip Chytil.
8:33 of 2nd period - Stopped by Cam Talbot with a rebound.
8:35 of 2nd period - Backhand shot by Mark Giordano.
8:35 of 2nd period - Stopped by Cam Talbot with a rebound.
8:37 of 2nd period - Slapshot by Mark Giordano.
8:37 of 2nd period - Shot Misses the Net.
8:49 of 2nd period - Brady Tkachuk is hit by Artemi Panarin and loses puck.
9:40 of 2nd period - Trevor Zegras is hit by Jake McCabe and loses puck.
9:57 of 2nd period - Slapshot by Warren Foegele.
9:57 of 2nd period - Stopped by Igor Shesterkin without a rebound.
9:58 of 2nd period - Pierre-Luc Dubois wins face-off versus Nick Bjugstad in New York Rangers zone.
10:24 of 2nd period - Minor Penalty to Sam Bennett for Elbowing.
10:25 of 2nd period - Mikael Granlund wins face-off versus Scott Laughton in Toronto Maple Leafs zone.
10:26 of 2nd period - Snap shot by Mathew Barzal.
10:26 of 2nd period - Shot Misses the Net.
10:28 of 2nd period - Snap shot by Mikael Granlund.
10:28 of 2nd period - Stopped by Cam Talbot with a rebound.
10:30 of 2nd period - Snap shot by Mikael Granlund.
10:30 of 2nd period - Shot Misses the Net.
10:32 of 2nd period - Wrist shot by Adam Larsson.
10:32 of 2nd period - Stopped by Cam Talbot with a rebound.
12:24 of 2nd period - Penalty to Sam Bennett is over, Sam Bennett is back on ice.
12:30 of 2nd period - Slapshot by Eric Robinson.
12:30 of 2nd period - Stopped by Cam Talbot with a rebound.
12:32 of 2nd period - Slapshot by Eric Robinson.
12:32 of 2nd period - Deflect By Brandon Saad.
12:32 of 2nd period - Shot Hit the Post.
12:32 of 2nd period - Puck is out of play.
12:33 of 2nd period - Nick Bjugstad wins face-off versus David Kampf in Toronto Maple Leafs zone.
12:44 of 2nd period - Slapshot by Warren Foegele.
12:44 of 2nd period - Shot Misses the Net.
12:46 of 2nd period - Wrist shot by Kyle Okposo.
12:46 of 2nd period - Deflect By Warren Foegele.
12:46 of 2nd period - Stopped by Igor Shesterkin with a rebound.
12:48 of 2nd period - Slapshot by Mario Ferraro.
12:48 of 2nd period - Deflect By Jake McCabe.
12:48 of 2nd period - Stopped by Igor Shesterkin with a rebound.
13:46 of 2nd period - Snap shot by Scott Laughton.
13:46 of 2nd period - Stopped by Igor Shesterkin without a rebound.
13:47 of 2nd period - Pierre-Luc Dubois wins face-off versus Andrew Mangiapane in New York Rangers zone.
13:47 of 2nd period - Pierre-Luc Dubois is hit by Nino Niederreiter.
14:13 of 2nd period - Filip Chytil is hit by Cody Ceci and loses puck.
14:19 of 2nd period - Icing by Cam Fowler.
14:20 of 2nd period - Filip Chytil wins face-off versus Sam Bennett in New York Rangers zone.
14:27 of 2nd period - Slapshot by Sam Bennett.
14:27 of 2nd period - Stopped by Igor Shesterkin with a rebound.
14:45 of 2nd period - Conor Garland is hit by Ryan Pulock and loses puck.
15:00 of 2nd period - Wrist shot by Brady Tkachuk.
15:00 of 2nd period - Shot Misses the Net.
15:28 of 2nd period - Minor Penalty to Brady Tkachuk for Tripping.
15:29 of 2nd period - Pierre-Luc Dubois wins face-off versus Scott Laughton in Toronto Maple Leafs zone.
16:19 of 2nd period - Aaron Ekblad is hit by Nathan MacKinnon and loses puck.
16:38 of 2nd period - Nino Niederreiter is hit by Mikael Granlund and loses puck.
17:28 of 2nd period - Penalty to Brady Tkachuk is over, Brady Tkachuk is back on ice.
17:34 of 2nd period - Slapshot by Brady Tkachuk.
17:34 of 2nd period - Stopped by Igor Shesterkin without a rebound.
17:35 of 2nd period - Nick Bjugstad wins face-off versus David Kampf in New York Rangers zone.
17:54 of 2nd period - David Kampf is hit by Nick Bjugstad and loses puck.
18:07 of 2nd period - Slapshot by Kyle Okposo.
18:07 of 2nd period - Deflect By Warren Foegele.
18:07 of 2nd period - Shot Misses the Net.
18:07 of 2nd period - Puck is out of play.
18:08 of 2nd period - Nicolas Roy wins face-off versus Filip Chytil in New York Rangers zone.
18:15 of 2nd period - Wrist shot by Gabriel Landeskog.
18:15 of 2nd period - Stopped by Cam Talbot without a rebound.
18:16 of 2nd period - Nicolas Roy wins face-off versus Conor Garland in Toronto Maple Leafs zone.
18:37 of 2nd period - Snap shot by Filip Chytil.
18:37 of 2nd period - Stopped by Cam Talbot with a rebound.
18:39 of 2nd period - Slapshot by Dmitry Kulikov.
18:39 of 2nd period - Stopped by Cam Talbot with a rebound.
18:41 of 2nd period - Wrist shot by Filip Chytil.
18:41 of 2nd period - Stopped by Cam Talbot with a rebound.
18:43 of 2nd period - Slapshot by Dmitry Kulikov.
18:43 of 2nd period - Shot Blocked by Ryan Pulock.
18:45 of 2nd period - Backhand shot by Filip Chytil.
18:45 of 2nd period - Stopped by Cam Talbot with a rebound.
18:59 of 2nd period - Snap shot by Gabriel Landeskog.
18:59 of 2nd period - Shot Misses the Net.
19:01 of 2nd period - Snap shot by Dmitry Kulikov.
19:01 of 2nd period - Shot Blocked by Ryan Pulock.
19:03 of 2nd period - Backhand shot by Mark Giordano.
19:03 of 2nd period - Shot Blocked by Dougie Hamilton.
19:05 of 2nd period - Snap shot by Filip Chytil.
19:05 of 2nd period - Shot Blocked by Nino Niederreiter.
19:13 of 2nd period - Wrist shot by Conor Garland.
19:13 of 2nd period - Stopped by Cam Talbot without a rebound.
19:14 of 2nd period - Nathan MacKinnon wins face-off versus Scott Laughton in Toronto Maple Leafs zone.
19:22 of 2nd period - Double Minor Penalty to Scott Laughton for High sticking.
19:23 of 2nd period - Nino Niederreiter wins face-off versus Pierre-Luc Dubois in Toronto Maple Leafs zone.
19:56 of 2nd period - Off-side.
19:57 of 2nd period - Brady Tkachuk wins face-off versus Pierre-Luc Dubois in neutral zone.
Goals for this period are 0 for New York Rangers vs 0 for Toronto Maple Leafs.
Shots for this period are 12 for New York Rangers vs 8 for Toronto Maple Leafs.
3rd period
0:01 of 3rd period - Gabriel Landeskog wins face-off versus Nino Niederreiter in neutral zone.
0:26 of 3rd period - Sam Bennett is hit by Adam Larsson and loses puck.
0:35 of 3rd period - Snap shot by Nathan MacKinnon.
0:35 of 3rd period - Stopped by Cam Talbot without a rebound.
0:36 of 3rd period - Pierre-Luc Dubois wins face-off versus Nino Niederreiter in Toronto Maple Leafs zone.
1:05 of 3rd period - Cole Caufield is hit by Brady Tkachuk and loses puck.
1:28 of 3rd period - Ryan Pulock is hit by Adam Larsson and loses puck.
1:55 of 3rd period - Ryan Pulock is hit by Mikael Granlund and loses puck.
3:15 of 3rd period - Brandon Saad is hit by Tyler Motte and loses puck.
3:22 of 3rd period - Penalty to Scott Laughton is over, Scott Laughton is back on ice.
4:02 of 3rd period - Conor Garland is hit by Troy Terry and loses puck.
4:30 of 3rd period - Mathew Barzal is hit by Mario Ferraro and loses puck.
5:13 of 3rd period - Pierre-Luc Dubois is hit by Ryan Pulock and loses puck.
5:46 of 3rd period - Adam Larsson is hit by Sam Bennett and loses puck.
6:42 of 3rd period - Dmitry Kulikov is hit by Ryan Pulock and loses puck.
7:02 of 3rd period - Matthew Benning is hit by Nick Bjugstad and loses puck.
7:21 of 3rd period - Wrist shot by Pierre-Luc Dubois.
7:21 of 3rd period - Deflect By Cole Caufield.
7:21 of 3rd period - Stopped by Cam Talbot without a rebound.
7:22 of 3rd period - Pierre-Luc Dubois wins face-off versus Scott Laughton in Toronto Maple Leafs zone.
7:23 of 3rd period - Snap shot by Mikael Granlund.
7:23 of 3rd period - Shot Blocked by Brandon Saad.
7:29 of 3rd period - Snap shot by Trevor Zegras.
7:29 of 3rd period - Goal by Trevor Zegras - New York Rangers : 1 - Toronto Maple Leafs : 2.
7:30 of 3rd period - Scott Laughton wins face-off versus Nathan MacKinnon in neutral zone.
7:35 of 3rd period - Dmitry Kulikov is hit by Brandon Saad and loses puck.
8:22 of 3rd period - Icing by Jake McCabe.
8:23 of 3rd period - Nicolas Roy wins face-off versus Filip Chytil in New York Rangers zone.
8:32 of 3rd period - Slapshot by Nino Niederreiter.
8:32 of 3rd period - Deflect By Andrew Mangiapane.
8:32 of 3rd period - Goal by Andrew Mangiapane - New York Rangers : 1 - Toronto Maple Leafs : 3.
8:33 of 3rd period - Nathan MacKinnon wins face-off versus Scott Laughton in neutral zone.
9:08 of 3rd period - Slapshot by Troy Terry.
9:08 of 3rd period - Deflect By Brady Tkachuk.
9:08 of 3rd period - Stopped by Igor Shesterkin without a rebound.
9:09 of 3rd period - Pierre-Luc Dubois wins face-off versus Sam Bennett in New York Rangers zone.
9:09 of 3rd period - Pierre-Luc Dubois is hit by Sam Bennett.
9:31 of 3rd period - Slapshot by Brady Tkachuk.
9:31 of 3rd period - Deflect By Troy Terry.
9:31 of 3rd period - Shot Misses the Net.
9:31 of 3rd period - Puck is out of play.
9:32 of 3rd period - Scott Laughton wins face-off versus Nathan MacKinnon in New York Rangers zone.
9:35 of 3rd period - Snap shot by Scott Laughton.
9:35 of 3rd period - Stopped by Igor Shesterkin with a rebound.
10:06 of 3rd period - Snap shot by Conor Garland.
10:06 of 3rd period - Shot Misses the Net.
10:12 of 3rd period - Cody Ceci is hit by Filip Chytil and loses puck.
10:44 of 3rd period - Slapshot by Brandon Saad.
10:44 of 3rd period - Shot Misses the Net.
10:52 of 3rd period - Wrist shot by Troy Terry.
10:52 of 3rd period - Shot Misses the Net.
11:30 of 3rd period - Kyle Okposo is hit by Jake McCabe and loses puck.
12:12 of 3rd period - Slapshot by Dougie Hamilton.
12:12 of 3rd period - Stopped by Igor Shesterkin with a rebound.
12:30 of 3rd period - Adam Larsson is hit by Dougie Hamilton and loses puck.
12:57 of 3rd period - Andrew Mangiapane is hit by Mikael Granlund and loses puck.
13:14 of 3rd period - Trevor Zegras is hit by Nathan MacKinnon and loses puck.
13:25 of 3rd period - Luke Schenn is hit by Dmitry Kulikov and loses puck.
14:03 of 3rd period - Jake McCabe is hit by Kyle Okposo and loses puck.
14:25 of 3rd period - Cam Fowler is hit by Sam Bennett and loses puck.
14:54 of 3rd period - Nicolas Roy is hit by Nathan MacKinnon and loses puck.
15:34 of 3rd period - Mark Giordano is hit by Brady Tkachuk and loses puck.
17:03 of 3rd period - Slapshot by Aaron Ekblad.
17:03 of 3rd period - Stopped by Igor Shesterkin with a rebound.
17:17 of 3rd period - Wrist shot by Mikael Granlund.
17:17 of 3rd period - Shot Misses the Net.
17:19 of 3rd period - Snap shot by Cole Caufield.
17:19 of 3rd period - Shot Blocked by Aaron Ekblad.
17:21 of 3rd period - Slapshot by Mikael Granlund.
17:21 of 3rd period - Shot Blocked by Nicolas Roy.
17:23 of 3rd period - Slapshot by Cam Fowler.
17:23 of 3rd period - Shot Blocked by Nicolas Roy.
17:45 of 3rd period - Wrist shot by Pierre-Luc Dubois.
17:45 of 3rd period - Stopped by Cam Talbot without a rebound.
17:46 of 3rd period - Filip Chytil wins face-off versus Sam Bennett in Toronto Maple Leafs zone.
18:01 of 3rd period - Snap shot by Dougie Hamilton.
18:01 of 3rd period - Deflect By Filip Chytil.
18:01 of 3rd period - Stopped by Igor Shesterkin with a rebound.
18:17 of 3rd period - Snap shot by Warren Foegele.
18:17 of 3rd period - Shot Blocked by Matthew Benning.
18:50 of 3rd period - Trevor Zegras is hit by Gabriel Landeskog and loses puck.
19:01 of 3rd period - Slapshot by Brady Tkachuk.
19:01 of 3rd period - Stopped by Igor Shesterkin with a rebound.
Goals for this period are 0 for New York Rangers vs 2 for Toronto Maple Leafs.
Shots for this period are 3 for New York Rangers vs 8 for Toronto Maple Leafs.
Back to the Top